 Dungeon Crawl Stone Soup version 0.31.0-12-g77e489cdc1 (webtiles) character file.

Game seed: 14120831310234820876

2190 hawla the Carver (level 9, -1/74 HPs)
             Began as a Minotaur Fighter on Mar 6, 2024.
             Was an Initiate of Yredelemnul.
             Slain by a two-headed ogre
             ... wielding a +0 giant club
              (20 damage)
             ... on level 7 of the Dungeon.
             The game lasted 00:11:01 (5631 turns).

hawla the Carver (Minotaur Fighter)                 Turns: 5631, Time: 00:11:01

Health: -1/74      AC:  9    Str: 21    XL:     9   Next: 12%
Magic:  9/9        EV: 10    Int:  5    God:    Yredelemnul [......]
Gold:   360        SH:  5    Dex: 14    Spells: 8/8 levels left

rFire   . . .        a - +0 long sword (flame)
rCold   + . .        c - +0 buckler
rNeg    + . .        j - +0 chain mail
rPois   .            (helmet restricted)
rElec   .            (no cloak)
rCorr   .            (no gloves)
SInv    .            (no boots)
Will    .....        e - amulet of faith Stlth
                     f - ring of positive energy
HPRegen 0.32/turn    s - ring of protection from cold
MPRegen 0.11/turn

%: faith
@: about to teleport
A: horns 2, retaliatory headbutt, screaming 1
a: Renounce Religion, Recall Undead Harvest


You were on level 7 of the Dungeon.
You worshipped Yredelemnul.
Yredelemnul was noncommittal.
You visited 2 branches of the dungeon, and saw 8 of its levels.
You also visited: Ossuary.

You collected 360 gold pieces.

Inventory:

Hand Weapons
 a - a +0 long sword of flaming (weapon)
Missiles
 q - 2 darts of dispersal (quivered)
Armour
 c - a +0 buckler (worn)
 j - a +0 chain mail (worn)
Jewellery
 e - an amulet of faith (around neck)
 f - a ring of positive energy (left hand)
 s - a ring of protection from cold (right hand)
Wands
 u - a wand of light (5)
Scrolls
 b - 4 scrolls of fog
 l - 2 scrolls of blinking
 o - a scroll of enchant weapon {unknown}
 t - 3 scrolls of teleportation
 v - 3 scrolls of revelation {unknown}
Potions
 d - 5 potions of might
 g - 4 potions of haste
 h - a potion of heal wounds
 i - 4 potions of lignification
 k - 5 potions of curing
 m - a potion of cancellation {unknown}
 n - a potion of brilliance {unknown}
 p - 3 potions of enlightenment {unknown}
 r - a potion of invisibility {unknown}


   Skills:
 - Level 5.0 Fighting
 - Level 11.0 Long Blades
 - Level 6.0 Throwing
 - Level 3.6 Armour
 - Level 6.0 Dodging
 - Level 5.0 Shields
 + Level 2.2 Invocations
 - Level 3.0 Evocations


You had 8 spell levels left.
You didn't know any spells.
Your spell library was empty.

Dungeon Overview and Level Annotations

Branches:
Dungeon (7/15)             Temple (1/1) D:6         Ossuary (visited)

Altars:
Dithmenos
Elyvilon
Fedhas
Hepliaklqana
Kikubaaqudgha
Makhleb
Okawaru
Ru
Sif Muna
Trog
Uskayaw
Vehumet
Wu Jian
Xom
Yredelemnul
Zin
The Shining One

Annotations:
D:3 dig the loot


Innate Abilities, Weirdness & Mutations

You have a pair of horns on your head.
You reflexively headbutt those who attack you in melee.
You occasionally shout uncontrollably at your foes.


Message History

Your Invocations skill gained 2 levels and is now at level 2!
You have reached level 9!
Your experience leads to an increase in your attributes!
Increase (S)trength, (I)ntelligence, or (D)exterity?
You feel agile. x2
Things that are here:
a +0 scimitar of distortion; +0 acid dragon scales Magic restored.
v - 3 scrolls labelled ZIOPTUN UB WUE
Found a stone staircase leading up.
g - 4 potions of haste (gained 1)
A two-headed ogre comes into view.
It is wielding a +0 giant club and a +0 giant spiked club.
The two-headed ogre shouts in stereo!
A two-headed ogre is nearby!
A two-headed ogre is nearby!
The two-headed ogre hits you with a +0 giant club!!
The two-headed ogre hits you with a +0 giant spiked club.
You hit the two-headed ogre. You burn the two-headed ogre.
The two-headed ogre is lightly wounded.
You hit the two-headed ogre. You burn the two-headed ogre.
Your headbutt misses the two-headed ogre.
The two-headed ogre is lightly wounded.
The two-headed ogre barely misses you. You furiously retaliate!
You headbutt the two-headed ogre.
The two-headed ogre hits you but does no damage.
You slash the two-headed ogre! You burn the two-headed ogre.
The two-headed ogre is moderately wounded.
You barely miss the two-headed ogre. You headbutt the two-headed ogre.
The two-headed ogre is moderately wounded.
The two-headed ogre hits you with a +0 giant club!!
The two-headed ogre hits you with a +0 giant spiked club!
* * * LOW HITPOINT WARNING * * *
Your ice beast zombie barely misses the two-headed ogre.
You are too injured to fight recklessly!
As you read the scroll of teleportation, it crumbles to dust.
You feel strangely unstable.
Your ice beast zombie hits the two-headed ogre but does no damage.
The two-headed ogre hits you with a +0 giant club!!
You die...
Your body rises from the dead as a mindless zombie.

....... .......
#..####. .......
##....... ....###
........# .#..#
........# ##..#
.........## # #.#
#.........# .# # #.#
#......OZ.####..#
.##.## ##<.#
#@........
.##..###..## ##...####
....#......# #.###
..####.....## #.#
#.###.......## #.#
#..##...#....####.##
##.#....#..........###
#...........###.....#
##..........##
#.........


You could see a two-headed ogre (ally target) and a friendly ice beast zombie.

Vanquished Creatures
  Maggie (D:7)
  A water moccasin (D:5)
  A sky beast (D:6)
  2 ice beasts
  An ogre (D:4)
  A phantom (D:6)
  A bullfrog (D:6)
  2 scorpions (D:6)
  2 centaur zombies (Ossuary)
  4 hounds
  3 orc priests (D:5)
  2 jellies
  8 iguanas
  A sleepcap (D:4)
  Natasha (thrice) (D:2)
  8 hound zombies (Ossuary)
  2 mummies (Ossuary)
  16 adders
  A shadow imp (D:6)
  A white imp (D:7)
  5 adder zombies (Ossuary)
  2 dart slugs
  2 ribbon worms (D:2)
  11 orcs
  A bat (D:3)
  11 endoplasms
  5 giant cockroaches
  7 gnoll zombies (Ossuary)
  6 goblins
  8 hobgoblins
  4 jackals (D:5)
  4 quokkas
  8 ball pythons
  A frilled lizard (D:2)
  5 jackal zombies (Ossuary)
  6 kobolds
  3 kobold zombies (Ossuary)
  6 orc zombies (Ossuary)
  5 rats
161 creatures vanquished.

Vanquished Creatures (collateral kills)
  An ogre (D:6)
  2 orcs (D:6)
3 creatures vanquished.

Vanquished Creatures (others)
  A spectral white imp (D:7)
1 creature vanquished.

Grand Total: 165 creatures vanquished

Notes
Turn   | Place    | Note
-------+----------+-------------------------------------------
     0 | D:1      | hawla the Minotaur Fighter began the quest for the Orb.
     0 | D:1      | Reached XP level 1. HP: 19/19 MP: 0/0
    53 | D:1      | Found a faded altar of an unknown god.
    75 | D:1      | Reached XP level 2. HP: 24/28 MP: 1/1
   568 | D:1      | Reached skill level 5 in Fighting
   787 | D:2      | Reached skill level 11 in Long Blades
   787 | D:2      | Reached XP level 3. HP: 36/36 MP: 2/2
   879 | D:2      | Reached XP level 4. HP: 41/42 MP: 3/3
   939 | D:2      | Found a shadowy altar of Dithmenos.
   940 | D:2      | Noticed Natasha
   946 | D:2      | Killed Natasha
  1247 | D:2      | Reached XP level 5. HP: 48/48 MP: 4/4
  1252 | D:2      | Noticed Natasha
  1261 | D:2      | Killed Natasha
  1605 | D:2      | Noticed Natasha
  1611 | D:2      | Killed Natasha
  1612 | D:2      | Reached skill level 5 in Shields
  1817 | D:3      | Reached skill level 1 in Dodging
  2020 | D:3      | Found a shadowy altar of Dithmenos.
  2073 | D:3      | Reached XP level 6. HP: 48/56 MP: 5/5
  2892 | D:4      | HP: 2/56 [ogre/+0 giant spiked club (20)]
  3092 | D:4      | Reached XP level 7. HP: 61/61 MP: 6/6
  3226 | D:4      | Found a blossoming altar of Fedhas.
  3228 | D:4      | Found a burning altar of Makhleb.
  3380 | D:5      | Entered Level 5 of the Dungeon
  3385 | D:5      | Gained mutation: You occasionally shout uncontrollably at
                  | your foes. [potion of mutation]
  3555 | D:5      | Reached skill level 5 in Dodging
  4218 | D:5      | Reached skill level 1 in Evocations
  4336 | D:6      | Reached XP level 8. HP: 68/68 MP: 7/7
  4384 | D:6      | Reached skill level 1 in Throwing
  4410 | D:6      | Found a staircase to the Ecumenical Temple.
  4423 | Temple   | Entered the Ecumenical Temple
  4439 | Temple   | Became a worshipper of Yredelemnul the Dark
  4463 | D:6      | Reached * piety under Yredelemnul
  4507 | D:6      | Found a sand-covered staircase.
  4521 | Ossuary  | Entered an ossuary
  5107 | D:6      | Reached skill level 5 in Throwing
  5488 | D:7      | Noticed Maggie
  5503 | D:7      | Killed Maggie
  5504 | D:7      | Reached XP level 9. HP: 54/74 MP: 7/9
  5625 | D:7      | Noticed a two-headed ogre
  5631 | D:7      | Slain by a two-headed ogre

Illustrated notes

Levels and vault maps discovered:
D:1:      pf_arrival_petrified_forest, layout_loops_ring,
          nicolae_ecumenical_snake_handling
D:2:      layout_basic, basic_altar, feat_on_display, uniq_natasha
D:3:      layout_basic, nicolae_dithmenos_through_a_glass_darkly,
          due_unseen_surprise
D:4:      layout_basic, gammafunk_temple_overflow_pools, grunt_decor_fettered,
          minmay_three_crescents
D:5:      layout_basic
D:6:      layout_cave_pools, minmay_temple_entry_slanted,
          nicolae_ossuary_entry_ruins
D:7:      layout_layer_cave, mainiacjoe_overflow_alcove_1,
          gammafunk_ghost_abyssal_escape, uniq_maggie
Temple:   jpeg_temple_clearing

Skill      XL: |  1  2  3  4  5  6  7  8 |
---------------+-------------------------+-----
Fighting       | 4 5 |  5.0
Long Blades    | 11 | 11.0
Shields        | 4 5 |  5.0
Dodging        | 2 4 6 |  6.0
Evocations     | 2 3 |  3.0
Throwing       | 6 |  6.0
Invocations    | 2 |  2.2
Armour         | |  3.6

Action                     |  1- 3 |  4- 6 |  7- 9 || total
---------------------------+-------+-------+-------++-------
  Melee: Long sword        |    63 |   147 |   196 ||   406
         Headbutt          |     7 |    22 |    31 ||    60
  Evoke: Wand              |       |       |     7 ||     7
    Use: Scroll            |     2 |     2 |     7 ||    11
         Potion            |     1 |     4 |     3 ||     8
 Armour: Scale mail        |    30 |       |       ||    30
         Chain mail        |     3 |    82 |   291 ||   376
         Skin              |       |     2 |       ||     2
  Dodge: Dodged            |    30 |    28 |   174 ||   232
  Block: Buckler           |    18 |    32 |    84 ||   134
